 Dungeon Crawl Stone Soup version 0.29-a0-283-ga02f740833 (webtiles) character file.

Game seed: 4642490089950126280

81 sammy202020 the Skirmisher (level 4, 0/37 HPs)
             Began as a Palentonga Fighter on Mar 14, 2022.
             Slain by a gnoll
             ... wielding a +0 flail
              (8 damage)
             ... on level 3 of the Dungeon.
             The game lasted 00:02:59 (2493 turns).

sammy202020 the Skirmisher (Palentonga Fighter)     Turns: 2493, Time: 00:02:59

Health: 0/37       AC:  6    Str: 19    XL:     4   Next: 20%
Magic:  4/4        EV:  7    Int: 11    God:
Gold:   33         SH:  6    Dex:  9    Spells: 3/3 levels left

rFire   . . .      SeeInvis +   a - +0 flail
rCold   . . .      Faith    .   n - +2 buckler
rNeg    . . .      Spirit   .   b - +0 scale mail
rPois   .          Reflect  .   (no helmet)
rElec   .          Harm     .   (no cloak)
rCorr   .          Rampage  .   (no gloves)
Will    .....                   (no barding)
Stlth   ..........              (no amulet)
HPRegen 0.12/turn               (no ring)
MPRegen 0.09/turn               (no ring)

@: no status effects
A: large, rugged brown scales 3, see invisible, deformed body, roll 1, armoured
tail
a: Rolling Charge


You were on level 3 of the Dungeon.
You visited 1 branch of the dungeon, and saw 3 of its levels.

You collected 33 gold pieces.

Inventory:

Hand Weapons
 a - a +0 flail (weapon)
Armour
 b - a +0 scale mail (worn)
 n - a +2 buckler (worn)
Scrolls
 d - 3 scrolls of identify {unknown}
 g - a scroll of blinking {unknown}
 h - a scroll of silence {unknown}
 j - a scroll of fog {unknown}
 k - a scroll of fear {unknown}
 l - a scroll of holy word {unknown}
Potions
 e - a potion of curing {unknown}
 f - a potion of attraction {unknown}
 i - a potion of brilliance {unknown}
 m - a potion of lignification {unknown}


   Skills:
 * Level 3.4 Fighting
 * Level 2.8 Maces & Flails
 * Level 2.9 Armour
 + Level 0.7 Dodging
 * Level 2.9 Shields


You had 3 spell levels left.
You didn't know any spells.
Your spell library was empty.

Dungeon Overview and Level Annotations

Branches:
Dungeon (3/15)

Altars:


Innate Abilities, Weirdness & Mutations

You are completely covered in rugged brown scales. (AC +3, +7% HP)
You have supernaturally acute eyesight. (SInv)
Armour fits poorly on your strangely shaped body.
You can roll at nearby foes to attack.
You have a long armoured tail.


Message History

There is a stone staircase leading down here.
You see here a worm corpse.
You see here a +0 flail.
You see here a +0 buckler.
Done exploring.
No target in view!
No target in view!
Done exploring.
There is an escape hatch in the floor here.
You see here a hobgoblin skeleton.
You slide downwards.
The hatch slams shut behind you.
Found an escape hatch in the floor. 2 gnolls come into view.
Found 11 gold pieces.
The gnoll shouts! x2; You hear a shout!
A gnoll comes into view. It is wielding a +0 flail.
You roll forward with a clatter of scales!
You closely miss the gnoll.
Your tail-slap misses the gnoll.
The gnoll hits you with a +0 flail.
You closely miss the gnoll. You closely miss the gnoll. You hit the gnoll.
Your tail-slap misses the gnoll.
The gnoll is heavily wounded.
The gnoll misses you. The gnoll hits you with a +0 flail. x2
You closely miss the gnoll.
The gnoll is heavily wounded.
You block the gnoll's attack. x2
You hit the gnoll.
The gnoll is heavily wounded.
The gnoll hits you with a +0 flail! The gnoll hits you with a +0 flail. x2
* * * LOW HITPOINT WARNING * * *
You are too injured to fight recklessly!
You are too injured to fight recklessly!
Okay, then.
You closely miss the gnoll. The gnoll hits you with a +0 flail.
* * * LOW HITPOINT WARNING * * *
The gnoll hits you with a +0 flail.
* * * LOW HITPOINT WARNING * * *
The gnoll hits you with a +0 flail!
You die...

#........
#........
#........
#........
#........
#........ .
#........
....####........
#....g@.#######
#....gg.#
#.......#
#.......#
..........
.....>.....
..$........
............


You could see 3 gnolls.

Vanquished Creatures
  3 adders (D:2)
  2 worms (D:2)
  A dart slug (D:2)
  6 endoplasms
  2 giant cockroaches
  2 goblins
  4 hobgoblins (D:2)
  4 jackals (D:2)
  6 ball pythons
  5 bats
  5 frilled lizards
  4 kobolds (D:2)
  A rat (D:2)
45 creatures vanquished.

Notes
Turn   | Place    | Note
-------+----------+-------------------------------------------
     0 | D:1      | sammy202020 the Palentonga Fighter began the quest for the
                  | Orb.
     0 | D:1      | Reached XP level 1. HP: 19/19 MP: 1/1
   407 | D:1      | Reached XP level 2. HP: 25/25 MP: 2/2
  1060 | D:2      | HP: 1/25 [poisoned by an adder]
  1480 | D:2      | Reached XP level 3. HP: 31/31 MP: 3/3
  2048 | D:2      | Reached XP level 4. HP: 34/37 MP: 4/4
  2493 | D:3      | Slain by a gnoll

Illustrated notes

Levels and vault maps discovered:
D:1:      dpeg_arrival_erosion, layout_loops_ring, solitary_fountain,
          grunt_decor_fettered, minmay_misc_feat_tower, roderic_lattice_a
D:2:      layout_loops_ring, minmay_heptomino_h4
D:3:      layout_basic, mainiacjoe_overflow_large_starburst,
          mainiacjoe_overflow_boulevard, chequers_ecumenical_altar_simple

Action                   |  1- 3 |  4- 6 || total
-------------------------+-------+-------++-------
Melee: Flail             |   121 |    28 ||   149
       Tailslap          |    10 |     3 ||    13
 Abil: Rolling Charge    |     9 |     4 ||    13
  Use: Potion            |     1 |       ||     1
Armor: Scale mail        |    71 |     5 ||    76
Dodge: Dodged            |    65 |     6 ||    71
Block: Buckler           |    24 |     4 ||    28

Table legend: (Time is in decaauts)
 A = Elapsed time spent in this place.
 B = Non-inter-level travel time spent in this place.
 C = Inter-level travel time spent in this place.
 D = Time resting spent in this place.
 E = Time spent auto-exploring this place.
 F = Levels seen in this place.
 G = Mean time per level.
                   A        B        C        D        E       F      G
               +--------+--------+--------+--------+--------+-----+--------+
         Total |   2538 |   2516 |     22 |    391 |   1722 |   3 |  846.0 |
       Dungeon |   2538 |   2516 |     22 |    391 |   1722 |   3 |  846.0 |
               +--------+--------+--------+--------+--------+-----+--------+

Top non-repeatable levels by time:
     D:2: 1475 daAuts
     D:1: 1051 daAuts
     D:3: 11 daAuts
